 Dungeon Crawl Stone Soup version 0.25-a0-496-g8c4878dea3 (webtiles) character file.

Game seed: 11916853581963979666, levelgen mode: deterministic

4473 Eurus the Thaumaturge (level 10, -1/73 HPs)
             Began as a Mummy Conjurer on Feb 12, 2020.
             Was a Follower of Ashenzari.
             Slain by an orc warrior
             ... wielding a +0 dire flail
              (18 damage)
             ... on level 8 of the Dungeon.
             The game lasted 00:33:24 (10547 turns).

Eurus the Thaumaturge (Mummy Conjurer)             Turns: 10547, Time: 00:33:25

Health: -1/73      AC:  5    Str: 12    XL:     10   Next: 15%
Magic:  16/22      EV: 12    Int: 18    God:    Ashenzari [*.....]
Gold:   334        SH:  5    Dex: 12    Spells: 19/26 levels left

rFire    . . .     SeeInvis .   p - +4 hand axe
rCold    + . .     Gourm    .   n - +0 buckler
rNeg     + + +     Faith    .   a - +0 robe
rPois    ∞         Spirit   .   g - +1 helmet
rElec    .         Reflect  .   (no cloak)
rCorr    .         Harm     .   (no gloves)
MR       +....                  q - +0 pair of boots
Stlth    ++........             (no amulet)
HPRegen  0.22/turn              e - ring of protection from fire
MPRegen  0.18/turn              (no ring)

@: no status effects
A: no food or potions, fire vulnerability, cold resistance 1, negative energy
resistance 3, torment resistance, unbreathing
a: Curse Item, Scrying, Renounce Religion


You were on level 8 of the Dungeon.
You worshipped Ashenzari.
Ashenzari was aware of your devotion.
You were not hungry.

You visited 2 branches of the dungeon, and saw 9 of its levels.

You collected 334 gold pieces.

Inventory:

Hand Weapons
 p - a +4 hand axe (weapon)
Armour
 a - a +0 robe (worn)
 g - a +1 helmet (worn)
 n - a +0 buckler (worn)
 q - a +0 pair of boots (worn)
Jewellery
 e - a ring of protection from fire (left hand)
Wands
 o - a wand of acid (10)
Scrolls
 b - 2 scrolls of fear
 c - a scroll of fog
 d - 7 scrolls of remove curse
 f - a scroll of amnesia
 h - 3 scrolls of teleportation
 i - 6 scrolls of identify
 j - 2 scrolls of immolation
 k - 3 scrolls of blinking
 l - 2 scrolls of enchant weapon
 m - a scroll of magic mapping


   Skills:
 - Level 4.8 Fighting
 + Level 1.0 Armour
 - Level 1.5 Dodging
 - Level 1.5 Stealth
 + Level 5.4 Shields
 + Level 8.9 Spellcasting
 + Level 7.0 Conjurations
 + Level 5.4 Translocations


You had 19 spell levels left.
You knew the following spells:

 Your Spells              Type           Power        Failure   Level  Hunger
a - Magic Dart            Conj           ####         1%          1    N/A
b - Searing Ray           Conj           ####..       1%          2    N/A
c - Iskenderun's Mystic   Conj/Tloc      ####....     7%          4    N/A

Your spell library contained the following spells:

 Spells                   Type           Power        Failure   Level  Hunger
 Dazzling Flash           Conj/Hex       ###...       6%          3    N/A
 Freeze                   Ice            #...         9%          1    N/A
 Passwall                 Tmut/Erth      #.......     14%         2    N/A
 Sticks to Snakes         Tmut           #.......     14%         2    N/A
 Fulminant Prism          Conj/Hex       ###.......   22%         4    N/A
 Hailstorm                Conj/Ice       ###.....     22%         4    N/A
 Frozen Ramparts          Ice            #.....       26%         3    N/A
 Ozocubu's Armour         Chrm/Ice       #.......     26%         3    N/A
 Summon Ice Beast         Ice/Summ       #.......     65%         4    N/A
 Alistair's Intoxication  Tmut/Pois      #.......     94%         5    N/A
 Shatter                  Erth           #.........   100%        9    N/A

Dungeon Overview and Level Annotations

Branches:
Dungeon (8/15)             Temple (1/1) D:4
   Lair: D:8-11

Altars:
Ashenzari
Cheibriados
Dithmenos
Elyvilon
Fedhas
Gozag
Hepliaklqana
Kikubaaqudgha
Makhleb
Nemelex Xobeh
Okawaru
Qazlal
Ru
Sif Muna
Trog
Uskayaw
Vehumet
Wu Jian
Xom
Yredelemnul
Zin
The Shining One

Shops:
D:8 (


Innate Abilities, Weirdness & Mutations

You do not eat or drink.
Your flesh is vulnerable to fire.
You are immune to poison.
Your flesh is cold resistant. (rC+)
You are immune to negative energy. (rN+++)
You are immune to unholy pain and torment.
You can survive without breathing.


Message History

The orc warrior is heavily wounded.
The searing ray hits the orc warrior!
The orc warrior is almost dead.
The orc warrior hits you with a +0 dire flail!!
* * * LOW HITPOINT WARNING * * *
The searing ray hits the orc warrior but does no damage.
The orc warrior is almost dead.
You finish channeling your searing ray.
You block the orc warrior's attack.
You hit the orc warrior.
The orc warrior is almost dead.
The orc warrior closely misses you.
Casting: Searing Ray (safe; 1% risk of failure)
Confirm with . or Enter, or press ? or * to list all spells.
Aiming: Searing Ray (safe; 1% risk of failure)
Press: ? - help, Shift-Dir - straight line, f/p - orc warrior
Aim: an orc warrior, wielding a +0 dire flail and wearing a +0 chain mail (almost dead)
The searing ray misses the orc warrior. (Press . to maintain the ray.)
The orc warrior hits you with a +0 dire flail!!
You die...

≈ ≈ ≈ # .# #+# ###. #@#
. #.. #o# .. #.######†#
... ######...y.)..# ....
#....<..y.##### .....
####..........[..#......
...#..................#
...##..........#..y.###
...##.......(#.#.#...#


You could see an orc warrior.

Vanquished Creatures
  Pikel (D:8)
  A queen bee (D:8)
  A wyvern (D:4)
  3 orc warriors
  2 ice beasts
  2 phantoms
  2 necrophages
  2 sky beasts
  4 ogres
  3 centaurs
  A crocodile (D:7)
  3 bullfrogs
  3 scorpions
  7 killer bees (D:8)
  5 wights (D:7)
  An electric eel (D:8)
  7 crimson imps
  2 bullfrog skeletons (D:5)
  3 hounds
  2 jellies (D:8)
  An orc priest (D:3)
  2 bullfrog zombies (D:7)
  A centaur skeleton (D:7)
  An iguana (D:8)
  Natasha (thrice) (D:2 D:1)
  6 orc wizards
  3 worker ants
  A killer bee zombie (D:7)
  3 hound zombies
  Robin (D:2)
  4 gnolls (D:2)
  A howler monkey skeleton (D:8)
  5 adders
  A shadow imp (D:7)
  2 oozes
  An adder zombie (D:8)
  5 worms
  2 dart slugs
  5 leopard geckos
  18 orcs
  A ball python (D:2)
  4 bats
  4 giant cockroaches
  18 goblins
  12 hobgoblins
  2 jackals (D:4)
  8 kobolds
  A quokka (D:5)
  2 frilled lizards (D:2)
  A giant cockroach zombie (D:5)
  A leopard gecko zombie (D:6)
  8 rats
  A spectral orc (D:2)
184 creatures vanquished.

Vanquished Creatures (others)
  An ogre (D:8)
  A goblin (D:3)
  A kobold (D:3)
3 creatures vanquished.

Grand Total: 187 creatures vanquished

Notes
Turn   | Place    | Note
-------+----------+-------------------------------------------
     0 | D:1      | Eurus the Mummy Conjurer began the quest for the Orb.
     0 | D:1      | Reached XP level 1. HP: 13/13 MP: 4/4
   233 | D:1      | Found an iron altar of Okawaru.
   279 | D:1      | Reached XP level 2. HP: 20/20 MP: 0/5
   283 | D:1      | Learned a level 2 spell: Searing Ray
   434 | D:1      | Reached skill level 3 in Spellcasting
   544 | D:1      | Reached skill level 1 in Fighting
  1053 | D:1      | Reached XP level 3. HP: 18/26 MP: 2/7
  1366 | D:2      | Noticed Robin
  1455 | D:2      | Noticed Natasha
  1458 | D:2      | Killed Natasha
  1458 | D:2      | Reached XP level 4. HP: 26/32 MP: 3/9
  1514 | D:2      | Learned a level 4 spell: Iskenderun's Mystic Blast
  1583 | D:2      | Noticed Natasha
  1588 | D:2      | Killed Natasha
  1820 | D:2      | Reached XP level 5. HP: 38/38 MP: 4/10
  1905 | D:2      | Killed Robin
  1905 | D:2      | Reached skill level 4 in Spellcasting
  1927 | D:2      | Reached skill level 1 in Translocations
  1973 | D:2      | Noticed Natasha
  1984 | D:1      | Killed Natasha
  2733 | D:2      | Found a basalt altar of Yredelemnul.
  3128 | D:3      | Found a radiant altar of Vehumet.
  3327 | D:3      | Reached XP level 6. HP: 32/46 MP: 8/12
  3613 | D:3      | Found a faded altar of an unknown god.
  4381 | D:4      | Noticed a sky beast
  4385 | D:4      | Killed a sky beast
  4564 | D:4      | Noticed a wyvern
  4568 | D:4      | Killed a wyvern
  4568 | D:4      | Reached skill level 5 in Spellcasting
  4568 | D:4      | Reached XP level 7. HP: 50/52 MP: 7/14
  4762 | D:4      | Found a staircase to the Ecumenical Temple.
  4807 | Temple   | Entered the Ecumenical Temple
  4855 | Temple   | Became a worshipper of Ashenzari the Shackled
  4987 | D:5      | Entered Level 5 of the Dungeon
  5134 | D:5      | Reached skill level 5 in Conjurations
  5727 | D:5      | Reached skill level 6 in Spellcasting
  5740 | D:5      | Reached XP level 8. HP: 49/61 MP: 3/17
  5976 | D:5      | Found an ancient bone altar of Kikubaaqudgha.
  5981 | D:5      | Found a stormy altar of Qazlal.
  5986 | D:5      | Found a burning altar of Makhleb.
  5989 | D:5      | Found an ornate altar of the Wu Jian Council.
  6808 | D:6      | Found a white marble altar of Elyvilon.
  6810 | D:6      | Found a sacrificial altar of Ru.
  6830 | D:6      | Found an opulent altar of Gozag.
  6964 | D:6      | Reached * piety under Ashenzari
  7108 | D:6      | Reached skill level 1 in Shields
  7736 | D:7      | Reached skill level 7 in Spellcasting
  8091 | D:7      | Reached XP level 9. HP: 61/67 MP: 14/20
  8259 | D:7      | Identified the Tome of Dusty Transmigration
  9198 | D:7      | Reached skill level 8 in Spellcasting
  9607 | D:8      | Reached skill level 5 in Translocations
  9762 | D:8      | Found Tuidox's Weapon Shoppe.
  9920 | D:8      | Noticed Pikel
  9931 | D:8      | Killed Pikel
  9931 | D:8      | Reached skill level 5 in Shields
 10130 | D:8      | Reached XP level 10. HP: 48/73 MP: 6/22
 10412 | D:8      | Reached skill level 1 in Armour
 10547 | D:8      | Slain by an orc warrior

Levels and vault maps discovered:
D:1:      eino_arrival_water_cross, layout_basic, serial_corexii_hall,
          corexii_hall_statues_i, corexii_hall_statues_i,
          okawaru_ov_weapons_minmay
D:2:      layout_loops_cross, yredelemnul_forgotten_temple_becter, uniq_robin,
          uniq_natasha
D:3:      layout_loops_ring, vehumet_crystals, chequers_ecumenical_altar_island,
          lemuel_old_faithful
D:4:      layout_loops_ring, minmay_temple_entry_antechambers, first_ration
D:5:      layout_basic, grunt_temple_overflow_cloverleaf,
          minmay_misc_feat_cross, st_stairs_6
D:6:      layout_cave_pods, grunt_temple_overflow_open,
          chequers_serial_rivers_micro_a
D:7:      layout_basic
D:8:      layout_basic, serial_shops, shop_statue, david_nohive_1,
          serial_bayou_pond_b, uniq_grum, uniq_pikel
Temple:   cyrus_circular_temple

Skill      XL: |  1  2  3  4  5  6  7  8  9 10 |
---------------+-------------------------------+-----
Spellcasting   | 3 4 5 6 7 8 |  8.9
Fighting       | 1 2 3 4 |  4.8
Conjurations   | 4 5 6 7 |  7.0
Translocations | 1 2 3 4 5 |  5.4
Shields        | 2 5 |  5.4
Armour         | 1 |  1.0
Dodging        | |  1.5
Stealth        | |  1.5

Action                   |  1- 3 |  4- 6 |  7- 9 | 10-12 || total
-------------------------+-------+-------+-------+-------++-------
Melee: Short sword       |    12 |       |       |       ||    12
       Dagger            |     1 |    42 |    23 |       ||    66
       Hand axe          |       |       |    13 |     8 ||    21
 Cast: Magic Dart        |    51 |    59 |    79 |     3 ||   192
       Searing Ray       |     3 |    21 |    83 |    12 ||   119
  Use: Scroll            |       |       |    10 |       ||    10
 Stab: Sleeping          |       |     1 |     1 |       ||     2
Armor: Robe              |     3 |     7 |    22 |     5 ||    37
Dodge: Dodged            |    12 |    35 |    52 |    36 ||   135
Block: Buckler           |       |       |     9 |    13 ||    22

Table legend:
 A = Non-vault XP
 B = Vault XP
 C = Vault XP percentage of total XP
 D = Non-vault monster count
 E = Vault monster count
 F = Vault count percentage of total count
                 A         B        C        D         E       F
            +---------+---------+-------+---------+---------+-------
      Total |    5012 |    1378 |  21.6 |     160 |      24 |  13.0
            +---------+---------+-------+---------+---------+-------
        D:1 |      82 |       0 |   0.0 |      22 |       0 |   0.0
        D:2 |     150 |      72 |  32.4 |      25 |      14 |  35.9
        D:3 |     136 |       0 |   0.0 |      22 |       0 |   0.0
        D:4 |     363 |       0 |   0.0 |       8 |       0 |   0.0
        D:5 |     768 |      20 |   2.5 |      16 |       1 |   5.9
        D:6 |     666 |       0 |   0.0 |       9 |       0 |   0.0
        D:7 |    1769 |       0 |   0.0 |      35 |       0 |   0.0
        D:8 |    1078 |    1286 |  54.4 |      23 |       9 |  28.1
            +---------+---------+-------+---------+---------+-------
